IL
SYRACUSE CHIEFS @ RICHMOND BRAVES
08/14/1982
 
TOP OF THE 1ST
Syracuse Chiefs batting - Pitching for Richmond Braves : RHP Fernando Amaya
Pitching: RHP Fernando Amaya
Batting: LHB Darryl Strawberry 0-0: Called Strike
0-1: Foul Ball, location: 2F
0-2: Ball
1-2: Strikes out swinging
Batting: LHB Paul O'Neill 0-0: Ball
1-0: Called Strike
1-1: Ball
2-1: Ball
3-1: Fly out, F5 (Popup, 5SF, EV 85.0 MPH)
Batting: RHB Jim G Wilson 0-0: SINGLE (Groundball, 6MD, EV 105.0 MPH)
Batting: LHB Wayne Gross 0-0: Fly out, F5 (Flyball, 5D, EV 86.9 MPH)
Top of the 1st over - 0 runs, 1 hit, 0 errors, 1 left on base; Syracuse 0 - Richmond 0
BOTTOM OF THE 1ST
Richmond Braves batting - Pitching for Syracuse Chiefs : RHP Ron Romanick
Pitching: RHP Ron Romanick
Batting: LHB Brent Hillenga 0-0: Ground out 5-3 (Groundball, 56, EV 98.8 MPH)
Batting: LHB Max Venable 0-0: Called Strike
0-1: Foul Ball, location: 2F
0-2: Ball
1-2: Ball
2-2: Foul Ball, location: 2F
2-2: Fly out, F7 (Flyball, 7LM, EV 86.9 MPH)
Batting: SHB Howard Johnson 0-0: SINGLE (Groundball, 56, EV 91.9 MPH) (infield hit)
Batting: LHB Chris Evans 0-0: Called Strike
Howard Johnson steals 2nd base
0-1: SINGLE (Flyball, 78S, EV 98.1 MPH)
Howard Johnson to third
Runner from 3rd tries for Home, SAFE, throw by CF to home
Batting: RHB Dave Stegman 0-0: Ball
1-0: Ball
2-0: Foul Ball, location: 2F
2-1: Fielders Choice at 2nd, 6-4 (Groundball, 6, EV 76.3 MPH)
Bottom of the 1st over - 1 run, 2 hits, 0 errors, 1 left on base; Syracuse 0 - Richmond 1
TOP OF THE 2ND
Syracuse Chiefs batting - Pitching for Richmond Braves : RHP Fernando Amaya
Batting: RHB Phil Garner 0-0: Called Strike
0-1: Called Strike
0-2: Strikes out swinging
Batting: RHB Bobby Grich 0-0: Ball
1-0: Swinging Strike
1-1: Ground out 6-3 (Groundball, 6, EV 79.4 MPH)
Batting: LHB Danny Goodwin 0-0: Called Strike
0-1: Ball
1-1: Swinging Strike
1-2: Ground out 1-3 (Groundball, 34S, EV 65.0 MPH)
Top of the 2nd over - 0 runs, 0 hits, 0 errors, 0 left on base; Syracuse 0 - Richmond 1
BOTTOM OF THE 2ND
Richmond Braves batting - Pitching for Syracuse Chiefs : RHP Ron Romanick
Batting: RHB Richard Busby 0-0: Fly out, F8 (Flyball, 78D, EV 82.5 MPH)
Batting: SHB Julio Cruz 0-0: Ball
1-0: Called Strike
1-1: Bunt missed!
1-2: SINGLE (Groundball, 56, EV 99.4 MPH) (infield hit)
Batting: RHB Scott Carnes 0-0: Foul Ball, location: 2F
0-1: Called Strike
0-2: Ball
1-2: Strikes out looking
Batting: RHB Marc Sullivan 0-0: Ball
1-0: Fly out, F7 (Flyball, 7D, EV 90.6 MPH)
Bottom of the 2nd over - 0 runs, 1 hit, 0 errors, 1 left on base; Syracuse 0 - Richmond 1
TOP OF THE 3RD
Syracuse Chiefs batting - Pitching for Richmond Braves : RHP Fernando Amaya
Batting: RHB Brian Asselstine 0-0: Ball
1-0: Called Strike
1-1: Ball
2-1: Ball
3-1: Called Strike
3-2: Fly out, F8 (Flyball, 78M, EV 88.8 MPH)
Batting: LHB Jon Jimenez 0-0: SINGLE (Line Drive, 7S, EV 105.0 MPH)
Batting: LHB Darryl Strawberry 0-0: Called Strike
0-1: Ball
1-1: Ball
2-1: Ball
3-1: Fly out, F8 (Line Drive, 8RM, EV 90.6 MPH)
Batting: LHB Paul O'Neill 0-0: Called Strike
0-1: Called Strike
0-2: Fielders Choice at 2nd, 5-4 (Groundball, 56, EV 106.9 MPH)
Top of the 3rd over - 0 runs, 1 hit, 0 errors, 1 left on base; Syracuse 0 - Richmond 1
BOTTOM OF THE 3RD
Richmond Braves batting - Pitching for Syracuse Chiefs : RHP Ron Romanick
Batting: LHB Brent Hillenga 0-0: Ball
1-0: Ball
2-0: Ball
3-0: Called Strike
3-1: Called Strike
3-2: Foul Ball, location: 2F
3-2: Foul Ball, location: 2F
3-2: Fly out, F7 (Flyball, 78S, EV 78.8 MPH)
Batting: LHB Max Venable 0-0: Ball
1-0: Ball
2-0: Ball
3-0: Called Strike
3-1: Fly out, F9 (Flyball, 89D, EV 95.6 MPH)
Batting: SHB Howard Johnson 0-0: SINGLE (Line Drive, 78M, EV 95.0 MPH)
Batting: LHB Chris Evans 0-0: Ball
Howard Johnson steals 2nd base
1-0: Foul Ball, location: 2F
1-1: Ball
2-1: Ground out 5-3 (Groundball, 56S, EV 78.8 MPH)
Bottom of the 3rd over - 0 runs, 1 hit, 0 errors, 1 left on base; Syracuse 0 - Richmond 1
TOP OF THE 4TH
Syracuse Chiefs batting - Pitching for Richmond Braves : RHP Fernando Amaya
Batting: RHB Jim G Wilson 0-0: Ball
1-0: Called Strike
1-1: Foul Ball, location: 2F
1-2: Strikes out swinging
Batting: LHB Wayne Gross 0-0: Ground out 6-3 (Groundball, 4MS, EV 66.9 MPH)
Batting: RHB Phil Garner 0-0: Called Strike
0-1: Ball
1-1: Foul Ball, location: 2F
1-2: Foul Ball, location: 2F
1-2: Ball
2-2: DOUBLE (Flyball, 7LD, EV 113.8 MPH)
Batting: RHB Bobby Grich 0-0: Ball
1-0: Foul Ball, location: 2F
1-1: Ground out 3-1 (Groundball, 34, EV 101.3 MPH)
Top of the 4th over - 0 runs, 1 hit, 0 errors, 1 left on base; Syracuse 0 - Richmond 1
BOTTOM OF THE 4TH
Richmond Braves batting - Pitching for Syracuse Chiefs : RHP Ron Romanick
Batting: RHB Dave Stegman 0-0: Foul Ball, location: 2F
0-1: Ball
1-1: Called Strike
1-2: Foul Ball, location: 2F
1-2: Strikes out looking
Batting: RHB Richard Busby 0-0: Called Strike
0-1: Foul Ball, location: 2F
0-2: Single, Error in OF, E9, batter to second base (Groundball, 34D, EV 93.8 MPH)
Batting: SHB Julio Cruz 0-0: Ball
1-0: Called Strike
1-1: SINGLE (Groundball, 34D, EV 101.9 MPH)
Richard Busby to third
Runner from 3rd tries for Home, SAFE, throw by RF to home
Julio Cruz to second
Batting: RHB Scott Carnes 0-0: Called Strike
0-1: Foul Ball, location: 2F
0-2: Foul Ball, location: 2F
0-2: Ball
1-2: Strikes out swinging
Batting: RHB Marc Sullivan 0-0: Called Strike
Julio Cruz steals 3rd base
0-1: Swinging Strike
0-2: Ball
1-2: Strikes out swinging
Bottom of the 4th over - 1 run, 2 hits, 1 error, 1 left on base; Syracuse 0 - Richmond 2
TOP OF THE 5TH
Syracuse Chiefs batting - Pitching for Richmond Braves : RHP Fernando Amaya
Batting: LHB Danny Goodwin 0-0: Reached on error, E4 (Groundball, 4, EV 87.5 MPH)
Batting: RHB Brian Asselstine 0-0: Foul Ball, location: 2F
0-1: Ball
1-1: Fly out, F8 (Line Drive, 8RM, EV 97.5 MPH)
Batting: LHB Jon Jimenez 0-0: Ball
1-0: Called Strike
1-1: Swinging Strike
1-2: Hit by Pitch
Danny Goodwin to second
Batting: LHB Darryl Strawberry 0-0: Reached on error, E8 (Flyball, 8RM, EV 90.6 MPH)
Danny Goodwin to third
Jon Jimenez to second
Batting: LHB Paul O'Neill 0-0: Ball
1-0: Grounds into fielders choice 6-2 (Groundball, 6, EV 91.3 MPH)
Jon Jimenez to third
Darryl Strawberry to second
Batting: RHB Jim G Wilson 0-0: Ground out 3-1 (Groundball, 3S, EV 82.5 MPH)
Top of the 5th over - 0 runs, 0 hits, 2 errors, 3 left on base; Syracuse 0 - Richmond 2
BOTTOM OF THE 5TH
Richmond Braves batting - Pitching for Syracuse Chiefs : RHP Ron Romanick
Batting: LHB Brent Hillenga 0-0: Ball
1-0: Ball
2-0: Foul Ball, location: 2F
2-1: Foul Ball, location: 2F
2-2: Foul Ball, location: 2F
2-2: Ball
3-2: SOLO HOME RUN (Flyball, 9D, EV 105.0 MPH), Distance : 363 ft
Batting: LHB Max Venable 0-0: Ground out 6-3 (Groundball, 6, EV 83.8 MPH)
Batting: SHB Howard Johnson 0-0: Ball
1-0: Foul Ball, location: 2F
1-1: Ball
2-1: Ball
3-1: Foul Ball, location: 2F
3-2: Ground out 6-3 (Groundball, 6, EV 76.9 MPH)
Batting: LHB Chris Evans 0-0: Ball
1-0: Ball
2-0: Ball
3-0: Base on Balls
Batting: RHB Dave Stegman 0-0: Called Strike
0-1: Ground out 5-3 (Groundball, 5S, EV 91.3 MPH)
Bottom of the 5th over - 1 run, 1 hit, 0 errors, 1 left on base; Syracuse 0 - Richmond 3
TOP OF THE 6TH
Syracuse Chiefs batting - Pitching for Richmond Braves : RHP Fernando Amaya
Batting: LHB Wayne Gross 0-0: Ball
1-0: Called Strike
1-1: Ball
2-1: Ball
3-1: Base on Balls
Batting: RHB Phil Garner 0-0: Ball
1-0: Called Strike
1-1: Called Strike
1-2: Foul Ball, location: 2F
1-2: SINGLE (Line Drive, 5D, EV 105.6 MPH)
Wayne Gross to second
Batting: RHB Bobby Grich 0-0: Foul Ball, location: 2F
0-1: Foul Ball, location: 2F
0-2: Foul Ball, location: 2F
0-2: Ball
1-2: Foul Ball, location: 2F
1-2: Fly out, F8 (Flyball, 89S, EV 94.4 MPH)
Batting: LHB Danny Goodwin 0-0: Called Strike
0-1: Ball
1-1: Fly out, F6 (Popup, 6MS, EV 80.6 MPH)
Batting: RHB Brian Asselstine 0-0: Ball
1-0: Fly out, F4 (Popup, 4S, EV 71.3 MPH)
Top of the 6th over - 0 runs, 1 hit, 0 errors, 2 left on base; Syracuse 0 - Richmond 3
BOTTOM OF THE 6TH
Richmond Braves batting - Pitching for Syracuse Chiefs : RHP Ron Romanick
Batting: RHB Richard Busby 0-0: Ball
1-0: Called Strike
1-1: Called Strike
1-2: Strikes out looking
Batting: SHB Julio Cruz 0-0: Called Strike
0-1: Swinging Strike
0-2: Fly out, F8 (Flyball, 78S, EV 93.1 MPH)
Batting: RHB Scott Carnes 0-0: Ball
1-0: Foul Ball, location: 2F
1-1: Ball
2-1: Ball
3-1: Fly out, F8 (Flyball, 89D, EV 100.0 MPH)
Bottom of the 6th over - 0 runs, 0 hits, 0 errors, 0 left on base; Syracuse 0 - Richmond 3
TOP OF THE 7TH
Syracuse Chiefs batting - Pitching for Richmond Braves : RHP Fernando Amaya
Batting: LHB Jon Jimenez 0-0: Ball
1-0: Ball
2-0: Foul Ball, location: 2F
2-1: Called Strike
2-2: Foul Ball, location: 2F
2-2: Ground out 4-3 (Groundball, 4M, EV 80.0 MPH)
Batting: LHB Darryl Strawberry 0-0: Foul Ball, location: 2F
0-1: Foul Ball, location: 2F
0-2: Ball
1-2: Foul Ball, location: 2F
1-2: Ball
2-2: SINGLE (Groundball, 4MD, EV 99.4 MPH)
Batting: LHB Paul O'Neill 0-0: Called Strike
0-1: Ball
1-1: Ball
2-1: Ball
3-1: Ground out 4-3 (Groundball, 4MS, EV 75.0 MPH)
Darryl Strawberry to second
Batting: RHB Jim G Wilson 0-0: Called Strike
0-1: SINGLE (Groundball, 56D, EV 96.9 MPH)
Darryl Strawberry to third
Runner from 3rd tries for Home, SAFE, throw by LF to home
Batting: LHB Wayne Gross 0-0: Called Strike
0-1: Foul Ball, location: 2F
0-2: Ball
1-2: Ball
2-2: Foul Ball, location: 2F
2-2: Strikes out looking
Top of the 7th over - 1 run, 2 hits, 0 errors, 1 left on base; Syracuse 1 - Richmond 3
BOTTOM OF THE 7TH
Richmond Braves batting - Pitching for Syracuse Chiefs : RHP Ron Romanick
Batting: RHB Marc Sullivan 0-0: Foul Ball, location: 2F
0-1: SOLO HOME RUN (Flyball, 7D, EV 107.5 MPH), Distance : 378 ft
Batting: LHB Brent Hillenga 0-0: Ball
1-0: Called Strike
1-1: Foul Ball, location: 2F
1-2: Foul Ball, location: 2F
1-2: Foul Ball, location: 2F
1-2: Ball
2-2: Ball
3-2: Fly out, F7 (Flyball, 7LS, EV 80.6 MPH)
Batting: LHB Max Venable 0-0: Foul Ball, location: 2F
0-1: Ball
1-1: Foul Ball, location: 2F
1-2: Ball
2-2: Ball
3-2: Strikes out looking
Batting: SHB Howard Johnson 0-0: Swinging Strike
0-1: Ball
1-1: SINGLE (Groundball, 56D, EV 101.9 MPH)
Batting: LHB Chris Evans 0-0: Ball
1-0: Foul Ball, location: 2F
1-1: Ball
2-1: Ground out U3 (Groundball, 3, EV 86.3 MPH)
Bottom of the 7th over - 1 run, 2 hits, 0 errors, 1 left on base; Syracuse 1 - Richmond 4
TOP OF THE 8TH
Syracuse Chiefs batting - Pitching for Richmond Braves : RHP Fernando Amaya
Batting: RHB Phil Garner 0-0: Called Strike
0-1: Ball
1-1: Ball
2-1: Foul Ball, location: 2F
2-2: Fly out, F8 (Flyball, 89XD, EV 99.4 MPH)
Batting: RHB Bobby Grich 0-0: Called Strike
0-1: Ground out 4-3 (Groundball, 4, EV 86.3 MPH)
Batting: LHB Danny Goodwin 0-0: Ball
1-0: Foul Ball, location: 2F
1-1: Fly out, F7 (Flyball, 78D, EV 92.5 MPH)
Top of the 8th over - 0 runs, 0 hits, 0 errors, 0 left on base; Syracuse 1 - Richmond 4
BOTTOM OF THE 8TH
Richmond Braves batting - Pitching for Syracuse Chiefs : RHP Ron Romanick
Batting: RHB Dave Stegman 0-0: Called Strike
0-1: Swinging Strike
0-2: Ball
1-2: Ball
2-2: Foul Ball, location: 2F
2-2: Fly out, F2 (Popup, 25F, EV 86.9 MPH)
Batting: RHB Richard Busby 0-0: Foul Ball, location: 2F
0-1: Ball
1-1: Ground out 5-3 (Groundball, 5, EV 90.6 MPH)
Batting: SHB Julio Cruz 0-0: Ball
1-0: Fly out, F7 (Line Drive, 7, EV 96.9 MPH)
Bottom of the 8th over - 0 runs, 0 hits, 0 errors, 0 left on base; Syracuse 1 - Richmond 4
TOP OF THE 9TH
Syracuse Chiefs batting - Pitching for Richmond Braves : RHP Fernando Amaya
Batting: RHB Brian Asselstine 0-0: Ball
1-0: Fly out, F8 (Flyball, 8RD, EV 106.3 MPH)
Batting: LHB Jon Jimenez 0-0: Swinging Strike
0-1: Ball
1-1: Ball
2-1: SINGLE (Flyball, 78S, EV 88.8 MPH)
Batting: LHB Darryl Strawberry 0-0: Called Strike
0-1: Swinging Strike
0-2: Strikes out swinging
Batting: LHB Paul O'Neill 0-0: Fielders Choice at 2nd, 6-4 (Groundball, 6, EV 91.3 MPH)
Top of the 9th over - 0 runs, 1 hit, 0 errors, 1 left on base; Syracuse 1 - Richmond 4
Friday, August 21st, 2020 - OOTP Baseball 21.5 Build 76